[Event "November 21 Early 2023"]
[Site "https://www.chess.com"]
[Date "2023.11.21"]
[Round "8"]
[White "Dishman, Stephen"]
[Black "Jimenez Fernandez, Rebeca"]
[Result "0-1"]
[Board "147"]
[TimeControl "180+1"]
[WhiteFideId "403024"]
[BlackFideId "32070934"]
[WhiteElo "2204"]
[BlackElo "2015"]
[WhiteTeam "ENG"]
[BlackTeam "ESP"]
[WhiteClock "0:00:12"]
[BlackClock "0:00:06"]

1. d4 d5 2. c4 c6 3. Nf3 Nf6 4. Nbd2 e6 5. g3 Be7 6. Bg2 O-O 7. O-O dxc4 8. Nxc4 c5 9. dxc5 Bxc5 10. Nfe5 Qc7 11. Bf4 Nh5 12. Rc1 Nxf4 13. gxf4 Qe7 14. a3 a5 15. e3 Na6 16. Qh5 Nc7 17. Be4 g6 18. Qh6 Nd5 19. Rfd1 b5 20. Nc6 Qf6 21. N4e5 Nxe3 22. Rxc5 Nxd1 23. Rc2 Bb7 24. Nd7 Qg7 25. Qxg7+ Kxg7 26. Nxf8 Rxf8 27. Kf1 Rc8 28. Ke2 Nxb2 29. Rxb2 Bxc6 30. Bxc6 Rxc6 31. Rxb5 Rc2+ 32. Kf1 Ra2 33. Rxa5 Kf6 34. Kg2 h5 35. Kg3 Ke7 36. Kh4 f6 37. Kg3 Kd6 38. Ra6+ Kd5 39. Ra7 Ke4 40. f3+ Kd5 41. Rg7 Rxa3 42. Rxg6 f5 43. Rh6 Ra8 44. Rxh5 Rg8+ 45. Kf2 Kd4 46. Rg5 Rh8 47. Kg3 Ke3 48. Rg6 e5 49. fxe5 f4+ 50. Kg2 Ra8 51. e6 Ra2+ 52. Kh3 Kxf3 53. e7 Ra8 54. Re6 Rh8+ 0-1

[Event "November 21 Early 2023"]
[Site "https://www.chess.com"]
[Date "2023.11.21"]
[Round "8"]
[White "missponyo10"]
[Black "Sharafiev, Azat"]
[Result "0-1"]
[Board "148"]
[TimeControl "180+1"]
[BlackFideId "4186214"]
[WhiteElo "2195"]
[BlackElo "2306"]
[BlackTeam "RUS"]
[WhiteClock "0:01:02"]
[BlackClock "0:01:54"]

1. e4 c5 2. Nf3 d6 3. d4 cxd4 4. Nxd4 Nf6 5. Nc3 a6 6. f4 b5 7. a3 Bb7 8. Bd3 Nbd7 9. Nf3 g6 10. O-O Bg7 11. Kh1 O-O 12. Qe1 Rc8 13. h3 Qc7 14. e5 dxe5 15. fxe5 Nd5 16. Bd2 Nxe5 17. Nxd5 Bxd5 18. Nxe5 Qxe5 19. Qxe5 Bxe5 20. c3 Rfd8 21. Bb1 Bxg2+ 22. Kxg2 Rxd2+ 23. Kg1 Rxb2 24. Be4 Rxc3 25. Rf3 Rxf3 26. Bxf3 Rb3 27. Rf1 Rxa3 28. Re1 Rxf3 29. Rxe5 b4 30. Rxe7 b3 31. Rb7 a5 32. Kg2 Rc3 33. Ra7 b2 34. Rxa5 b1=Q 35. Ra8+ Kg7 36. Rg8+ Kxg8 37. h4 Qb2+ 38. Kg1 Rc1# 0-1

[Event "November 21 Early 2023"]
[Site "https://www.chess.com"]
[Date "2023.11.21"]
[Round "8"]
[White "vinclat"]
[Black "campochess"]
[Result "0-1"]
[Board "149"]
[TimeControl "180+1"]
[WhiteElo "2371"]
[BlackElo "2204"]
[WhiteClock "0:00:01"]
[BlackClock "0:00:19"]

1. e4 c5 2. Nf3 Nc6 3. d4 cxd4 4. Nxd4 e5 5. Nb5 a6 6. Nd6+ Bxd6 7. Qxd6 Qe7 8. Qxe7+ Ngxe7 9. Nc3 d5 10. Nxd5 Nxd5 11. exd5 Nb4 12. Bd3 Nxd3+ 13. cxd3 Bf5 14. O-O Bxd3 15. Re1 f6 16. Rd1 Bf5 17. Be3 Kd7 18. Rac1 Rhc8 19. Bc5 Rc7 20. b4 Rac8 21. Ra1 Bc2 22. Rd2 Ba4 23. h4 Rb8 24. Ba7 Rbc8 25. Bc5 Rb8 26. Rd3 b6 27. Be3 Rc2 28. a3 h5 29. Re1 Bb5 30. Rdd1 Bc4 31. Bc1 Be2 32. Rd2 Rbc8 33. Rexe2 Rxc1+ 34. Kh2 R1c3 35. a4 R8c4 36. Rb2 Rxh4+ 37. Kg1 Rd4 38. f3 Rxd5 39. Red2 Rcd3 40. Rxd3 Rxd3 41. Rc2 Rb3 42. Rc4 b5 43. axb5 axb5 44. Rh4 g6 45. g4 Rxb4 0-1

[Event "November 21 Early 2023"]
[Site "https://www.chess.com"]
[Date "2023.11.21"]
[Round "8"]
[White "SeLaPegoACualquiera"]
[Black "mkllnd1517"]
[Result "0-1"]
[Board "150"]
[TimeControl "180+1"]
[WhiteElo "2174"]
[BlackElo "2358"]
[WhiteClock "0:00:22"]
[BlackClock "0:00:26"]

1. e4 e6 2. d4 d5 3. exd5 exd5 4. Nf3 Nf6 5. Bd3 c5 6. O-O c4 7. Be2 Bd6 8. c3 O-O 9. b3 cxb3 10. axb3 Nc6 11. Bg5 Re8 12. Re1 Bg4 13. Nbd2 Rc8 14. c4 a6 15. cxd5 Nb4 16. Nc4 Nbxd5 17. Nfe5 Nc3 18. Qc2 Nxe2+ 19. Rxe2 Bxe2 20. Qxe2 b5 21. Ne3 Bxe5 22. dxe5 Rxe5 23. Qf3 Qb6 24. Qg3 Rec5 25. h4 Ne4 26. Qg4 Rc1+ 27. Rxc1 Rxc1+ 28. Kh2 Rh1+ 29. Kxh1 Nxf2+ 30. Kh2 Nxg4+ 31. Nxg4 a5 0-1

[Event "November 21 Early 2023"]
[Site "https://www.chess.com"]
[Date "2023.11.21"]
[Round "8"]
[White "Pak, Yevgeniy"]
[Black "Elbebiber"]
[Result "0-1"]
[Board "152"]
[TimeControl "180+1"]
[WhiteFideId "14201712"]
[WhiteElo "2320"]
[BlackElo "2161"]
[WhiteTeam "KAZ"]
[WhiteClock "0:00:21"]
[BlackClock "0:00:31"]

1. e4 d5 2. exd5 Nf6 3. c4 e6 4. dxe6 Bxe6 5. d4 Bb4+ 6. Bd2 Bxd2+ 7. Qxd2 Qe7 8. Be2 Bxc4 9. Nf3 Qxe2+ 10. Qxe2+ Bxe2 11. Kxe2 Nc6 12. Nc3 O-O-O 13. Rhd1 Rhe8+ 14. Kf1 h6 15. Rac1 Kb8 16. d5 Nb4 17. Rd2 Nbxd5 18. Nxd5 Rxd5 19. Rdc2 c6 20. h3 Red8 21. Ke2 Re8+ 22. Kf1 Red8 23. Ke2 a6 24. Re1 Re8+ 25. Kf1 Rxe1+ 26. Kxe1 Kc7 27. Re2 Rd7 28. g4 Nd5 29. Ne5 Re7 30. f4 Nxf4 31. Re3 Ng2+ 0-1

[Event "November 21 Early 2023"]
[Site "https://www.chess.com"]
[Date "2023.11.21"]
[Round "8"]
[White "Cardozo Munar, Carlos Eduardo"]
[Black "Seletsky, Grigory"]
[Result "1-0"]
[Board "153"]
[TimeControl "180+1"]
[WhiteFideId "4409477"]
[BlackFideId "14112191"]
[WhiteElo "2067"]
[BlackElo "2482"]
[WhiteTeam "COL"]
[BlackTeam "UKR"]
[WhiteClock "0:00:52"]
[BlackClock "0:00:00"]

1. e4 c6 2. Nf3 d5 3. Nc3 Bg4 4. d4 e6 5. exd5 cxd5 6. h3 Bxf3 7. Qxf3 Nc6 8. Be3 Bb4 9. a3 Bxc3+ 10. bxc3 Nge7 11. Bd3 O-O 12. h4 Rc8 13. g4 Na5 14. h5 Nc4 15. h6 f5 16. hxg7 Rf7 17. Qh3 Rxg7 18. gxf5 Nxf5 19. Bxf5 exf5 20. Qxf5 Nxe3 21. fxe3 Rxc3 22. Kd2 Rc6 23. Rag1 Rcg6 24. Rxg6 Rxg6 25. c3 b5 26. Rf1 a6 27. Kd3 Qd6 28. Qf7+ Kh8 29. Rf5 Qe6 30. Qxe6 Rxe6 31. Rxd5 Kg7 32. e4 Kg6 33. a4 bxa4 34. Ra5 h5 35. Rxa4 h4 36. d5 Rb6 37. Ra2 Kg5 38. c4 h3 39. c5 Rh6 40. Rh2 Kf4 41. c6 Ke5 42. c7 Rh8 43. Kc4 Kd6 44. Rxh3 Rc8 45. Rh7 a5 46. Kd4 1-0

[Event "November 21 Early 2023"]
[Site "https://www.chess.com"]
[Date "2023.11.21"]
[Round "8"]
[White "Luukkonen, Tommi"]
[Black "Minina, Veronika"]
[Result "1-0"]
[Board "154"]
[TimeControl "180+1"]
[WhiteFideId "501808"]
[BlackFideId "4174780"]
[WhiteElo "2219"]
[BlackElo "1905"]
[WhiteTeam "FIN"]
[BlackTeam "RUS"]
[WhiteClock "0:01:30"]
[BlackClock "0:00:08"]

1. e4 c5 2. Nf3 Nc6 3. Bb5 g6 4. Bxc6 dxc6 5. d3 Bg7 6. h3 e5 7. Be3 b6 8. Nbd2 Ne7 9. Nc4 Qc7 10. O-O O-O 11. a3 a5 12. b4 axb4 13. axb4 Rxa1 14. Qxa1 cxb4 15. Bxb6 Qb7 16. Bc5 f6 17. Rb1 Rd8 18. Rxb4 Qd7 19. Nd6 Bf8 20. Qb2 Qe6 21. Nxc8 Nxc8 22. Bxf8 Kxf8 23. Rb7 Rd7 24. Rb8 Ra7 25. Qb6 Ra1+ 26. Kh2 Kf7 27. Qd8 1-0

[Event "November 21 Early 2023"]
[Site "https://www.chess.com"]
[Date "2023.11.21"]
[Round "8"]
[White "Nekoo04"]
[Black "PoXerStar"]
[Result "1-0"]
[Board "155"]
[TimeControl "180+1"]
[WhiteElo "2279"]
[BlackElo "2409"]
[WhiteClock "0:00:10"]
[BlackClock "0:00:00"]

1. d4 d6 2. e4 e5 3. dxe5 dxe5 4. Qxd8+ Kxd8 5. Nc3 Be6 6. b3 Bb4 7. Bb2 c6 8. O-O-O+ Kc7 9. f4 exf4 10. Nce2 Nf6 11. Nxf4 Nbd7 12. Nxe6+ fxe6 13. Bd3 Ng4 14. Nh3 Nge5 15. Be2 h6 16. Nf4 Rae8 17. Bh5 Re7 18. Rhf1 Bc5 19. Kb1 Be3 20. Nd3 Nxd3 21. Rxd3 Bg5 22. Rf7 Rxf7 23. Bxf7 Bf6 24. Bxf6 gxf6 25. Rf3 Kd6 26. Bh5 Rg8 27. g3 Ke7 28. a4 Rg5 29. g4 Ne5 30. Rg3 a5 31. Kb2 b6 32. h3 Rg8 33. c3 Rd8 34. Kc2 1-0

[Event "November 21 Early 2023"]
[Site "https://www.chess.com"]
[Date "2023.11.21"]
[Round "8"]
[White "Witty_Alien"]
[Black "Mushini Ajay"]
[Result "1-0"]
[Board "156"]
[TimeControl "180+1"]
[BlackFideId "35066188"]
[WhiteElo "2279"]
[BlackElo "2162"]
[BlackTeam "IND"]
[WhiteClock "0:00:06"]
[BlackClock "0:00:29"]

1. e4 c5 2. Nf3 d6 3. d4 cxd4 4. Nxd4 Nf6 5. Nc3 g6 6. Be2 Bg7 7. O-O O-O 8. f4 Nc6 9. Kh1 Nxd4 10. Qxd4 Be6 11. f5 Bd7 12. Bc4 a6 13. Bb3 Rc8 14. Bg5 Qc7 15. fxg6 hxg6 16. Bxf6 exf6 17. Nd5 Qd8 18. Nxf6+ Kh8 19. e5 g5 20. Rf4 Bh6 21. Qe4 1-0

[Event "November 21 Early 2023"]
[Site "https://www.chess.com"]
[Date "2023.11.21"]
[Round "8"]
[White "Tsyhanchuk, Stanislav"]
[Black "Nissinen, Niilo Man"]
[Result "0-1"]
[Board "157"]
[TimeControl "180+1"]
[WhiteFideId "13505130"]
[BlackFideId "30950767"]
[WhiteElo "2173"]
[BlackElo "1854"]
[WhiteTeam "BLR"]
[BlackTeam "HKG"]
[WhiteClock "0:01:02"]
[BlackClock "0:00:54"]

1. e4 e5 2. Nf3 Nc6 3. Bc4 Bc5 4. c3 Nf6 5. d3 d6 6. O-O h6 7. b4 Bb6 8. Nbd2 O-O 9. h3 Ne7 10. Re1 c6 11. Bb3 a5 12. Bb2 Ng6 13. bxa5 Bxa5 14. d4 Bc7 15. a4 Nf4 16. dxe5 dxe5 17. Nc4 Nd3 18. Ba3 Nxe1 19. Bxf8 Nxf3+ 20. Qxf3 Qxf8 21. Ne3 b5 22. Nf5 bxa4 23. Ba2 Bb6 24. Rd1 Bxf5 25. Qxf5 Rd8 26. Rb1 Qc5 27. Kh2 Qxf2 28. Qxf2 Bxf2 29. Rb7 Rd7 30. Rb8+ Kh7 31. Ra8 Nxe4 32. Rxa4 Bg3+ 33. Kg1 Rd1# 0-1

[Event "November 21 Early 2023"]
[Site "https://www.chess.com"]
[Date "2023.11.21"]
[Round "8"]
[White "Martin, Lewis"]
[Black "Kotepalli, Sai Nirupama"]
[Result "1-0"]
[Board "158"]
[TimeControl "180+1"]
[WhiteFideId "410551"]
[BlackFideId "5039444"]
[WhiteElo "2145"]
[BlackElo "2379"]
[WhiteTeam "ENG"]
[BlackTeam "IND"]
[WhiteClock "0:01:07"]
[BlackClock "0:00:00"]

1. c4 e5 2. g3 Nc6 3. Nc3 Nf6 4. Bg2 Bc5 5. Nf3 O-O 6. O-O d6 7. e3 Bg4 8. a3 a5 9. h3 Bh5 10. g4 Bg6 11. d4 exd4 12. exd4 Bb6 13. Bg5 h6 14. Bh4 Qd7 15. Bxf6 gxf6 16. Nd5 Kg7 17. Nxb6 cxb6 18. Qd2 Rac8 19. Nh4 Ne7 20. b3 a4 21. Qb4 axb3 22. Qxb3 Qc7 23. Rac1 Nc6 24. Qc3 Na5 25. Bd5 Rfe8 26. f4 Be4 27. Bxe4 Rxe4 28. Qd3 Rce8 29. Nf5+ Kh7 30. Ng3 f5 31. Nxf5 Kh8 32. c5 dxc5 33. dxc5 bxc5 34. Qc3+ f6 35. Qxf6+ 1-0

[Event "November 21 Early 2023"]
[Site "https://www.chess.com"]
[Date "2023.11.21"]
[Round "8"]
[White "Buchenau, Frank"]
[Black "Andersson, Bjorn 1971"]
[Result "1-0"]
[Board "159"]
[TimeControl "180+1"]
[WhiteFideId "4604350"]
[BlackFideId "1702114"]
[WhiteElo "2157"]
[BlackElo "2172"]
[WhiteTeam "GER"]
[BlackTeam "SWE"]
[WhiteClock "0:01:30"]
[BlackClock "0:02:39"]

1. e4 c5 2. Nf3 Nc6 3. Bb5 e6 4. Bxc6 bxc6 5. d3 Ne7 6. Qe2 Ng6 7. h4 h5 8. e5 Be7 9. Qe4 Rb8 10. Na3 Rb4 11. Nc4 Ba6 12. a3 Bxc4 13. axb4 Bd5 14. Qe2 cxb4 15. Rxa7 Nxh4 16. Nxh4 Bxh4 17. Rxh4 Qxh4 18. Ra8+ Ke7 19. Rxh8 Bxg2 20. Qxh5 Qd4 21. Qg5+ f6 22. Qxg7# 1-0

[Event "November 21 Early 2023"]
[Site "https://www.chess.com"]
[Date "2023.11.21"]
[Round "8"]
[White "thisjuan"]
[Black "Matveeva, Olga"]
[Result "0-1"]
[Board "160"]
[TimeControl "180+1"]
[BlackFideId "24107018"]
[WhiteElo "2246"]
[BlackElo "1883"]
[BlackTeam "RUS"]
[WhiteClock "0:00:03"]
[BlackClock "0:00:15"]

1. c4 e6 2. g3 d5 3. Bg2 Nf6 4. Nf3 Be7 5. O-O O-O 6. d4 dxc4 7. Ne5 Nc6 8. Nxc6 bxc6 9. Na3 Ba6 10. Qa4 Qc8 11. Qxc6 Rb8 12. Bf4 Rxb2 13. Nxc4 Rxe2 14. Rfc1 Nd5 15. Bf1 Nxf4 16. gxf4 Bb7 17. Qa4 Re4 18. Ne3 Rxf4 19. Rc3 e5 20. Qc2 exd4 21. Rxc7 dxe3 22. Rxc8 Rg4+ 23. Bg2 Rxg2+ 24. Kf1 Rxf2+ 25. Qxf2 exf2 26. Rxf8+ Bxf8 27. Kxf2 g6 28. Rb1 Be4 29. Rb8 Kg7 30. Re8 Bc5+ 31. Kg3 Bf5 32. h4 Bd6+ 33. Kf3 h5 34. a4 Kf6 35. a5 Bc5 36. Rb8 Bg4+ 37. Kg3 Bd6+ 38. Kf2 Bxb8 0-1

[Event "November 21 Early 2023"]
[Site "https://www.chess.com"]
[Date "2023.11.21"]
[Round "8"]
[White "Dmitrenko, Viktor"]
[Black "pinguino120"]
[Result "1-0"]
[Board "161"]
[TimeControl "180+1"]
[WhiteFideId "14110270"]
[WhiteElo "2292"]
[BlackElo "2236"]
[WhiteTeam "UKR"]
[WhiteClock "0:00:05"]
[BlackClock "0:00:42"]

1. e4 c6 2. d4 d5 3. Nc3 dxe4 4. Nxe4 Nf6 5. Nxf6+ exf6 6. Be2 Bd6 7. Bf3 O-O 8. Ne2 Re8 9. O-O Nd7 10. c4 Nf8 11. Nc3 Qc7 12. h3 Bf5 13. c5 Bf4 14. d5 Bxc1 15. d6 Qd7 16. Rxc1 Ne6 17. b4 a5 18. a3 axb4 19. axb4 b6 20. b5 Nd8 21. cxb6 Rb8 22. bxc6 Nxc6 23. Nd5 Ne5 24. Ne7+ Kh8 25. Rc7 Qe6 26. Bd5 Qxd6 27. Nxf5 Qxb6 28. Rc2 Rbd8 29. Rd2 Qb4 30. Ne3 Rd7 31. Qe2 Red8 32. Rfd1 f5 33. Nc2 Qd6 34. Re1 Qf6 35. Qxe5 Qxe5 36. Rxe5 f6 37. Ree2 Rxd5 38. Rxd5 Rxd5 39. Re8# 1-0

[Event "November 21 Early 2023"]
[Site "https://www.chess.com"]
[Date "2023.11.21"]
[Round "8"]
[White "Marin Pincheira, Carlos"]
[Black "Dodaro, Mattia"]
[Result "0-1"]
[Board "162"]
[TimeControl "180+1"]
[WhiteFideId "3407543"]
[BlackFideId "28583400"]
[WhiteElo "2080"]
[BlackElo "2232"]
[WhiteTeam "CHI"]
[BlackTeam "ITA"]
[WhiteClock "0:00:00"]
[BlackClock "0:00:04"]

1. d4 d6 2. c4 g6 3. Nc3 Bg7 4. e4 Nc6 5. Be3 e5 6. Nge2 exd4 7. Nxd4 Nge7 8. Be2 O-O 9. Qd2 Be6 10. h4 Nxd4 11. Bxd4 Bxd4 12. Qxd4 Nc6 13. Qe3 Qf6 14. O-O-O Ne5 15. c5 dxc5 16. Qxc5 b6 17. Qe3 Nc4 18. Bxc4 Bxc4 19. h5 Rad8 20. h6 b5 21. f4 b4 22. e5 Qa6 23. Ne4 Qxa2 24. Nf6+ Kh8 25. Qe4 b3 26. Nd7 Rfe8 27. e6 Qa1+ 28. Qb1 Qxb1+ 29. Kxb1 Bxe6 30. Nf6 Rf8 31. g4 c5 32. Rc1 c4 33. Rcd1 a5 34. Kc1 a4 35. Rhe1 c3 36. bxc3 a3 37. c4 Bxc4 38. Rxd8 Rxd8 39. Re3 Be6 40. Rc3 b2+ 41. Kb1 Rb8 42. Kc2 b1=Q+ 43. Kd2 a2 44. Rc2 a1=Q 0-1

[Event "November 21 Early 2023"]
[Site "https://www.chess.com"]
[Date "2023.11.21"]
[Round "8"]
[White "Umarov, Sabir"]
[Black "Cueto, Jonny"]
[Result "1-0"]
[Board "163"]
[TimeControl "180+1"]
[WhiteFideId "14200538"]
[BlackFideId "3300145"]
[WhiteElo "2331"]
[BlackElo "2155"]
[WhiteTeam "UZB"]
[BlackTeam "BOL"]
[WhiteClock "0:00:12"]
[BlackClock "0:00:08"]

1. e4 e6 2. Qe2 c6 3. Nf3 d5 4. Nc3 Nf6 5. e5 Nfd7 6. d4 c5 7. Bf4 Nc6 8. O-O-O Qa5 9. Qb5 Qc7 10. dxc5 a6 11. Qe2 Rb8 12. g3 Qa5 13. Kb1 b6 14. Nxd5 exd5 15. e6 Nf6 16. exf7+ Kxf7 17. Bxb8 Nxb8 18. Ne5+ Kg8 19. c6 Qc5 20. Bg2 Nxc6 21. Nxc6 Qxc6 22. Rhe1 h6 23. Qe5 Bd6 24. Bxd5+ Nxd5 25. Qxd5+ Qxd5 26. Rxd5 Bc5 27. Rd8+ Kh7 28. Rxh8+ Kxh8 29. Re8+ Kh7 30. Rxc8 Bxf2 31. c4 Bg1 32. h3 Bh2 33. g4 Kg6 34. Rc6+ Kg5 35. Rxb6 Kh4 36. Rxa6 Kxh3 37. Rg6 Be5 38. b4 Bd4 39. c5 Kg3 40. c6 Bb6 41. Rxg7 Kf4 42. c7 Bxc7 43. Rxc7 Kxg4 44. b5 h5 45. b6 h4 46. b7 h3 47. b8=Q h2 48. Rh7 h1=Q+ 49. Rxh1 Kf3 50. Re1 Kg2 51. Qf8 Kg3 52. Re7 Kg4 53. Rg7+ Kh5 54. Qh8# 1-0

[Event "November 21 Early 2023"]
[Site "https://www.chess.com"]
[Date "2023.11.21"]
[Round "8"]
[White "EdmundPlayer"]
[Black "Shapiro, Daniel"]
[Result "0-1"]
[Board "164"]
[TimeControl "180+1"]
[BlackFideId "2001780"]
[WhiteElo "2229"]
[BlackElo "2327"]
[BlackTeam "USA"]
[WhiteClock "0:00:00"]
[BlackClock "0:00:16"]

1. Nc3 c5 2. e4 Nc6 3. Bb5 Nd4 4. Bc4 g6 5. Nge2 Bg7 6. Nxd4 cxd4 7. Ne2 e6 8. d3 Ne7 9. O-O O-O 10. Bb3 d5 11. exd5 Nxd5 12. Nf4 Ne7 13. Qf3 Rb8 14. a4 b6 15. Ne2 Bb7 16. Qg4 Bd5 17. Bxd5 Qxd5 18. Bg5 Nf5 19. Ng3 Rbc8 20. Rac1 Rc6 21. Ne4 f6 22. Bh4 e5 23. f4 Ne3 24. Qf3 f5 25. c4 Qd7 26. Ng5 Nxf1 27. Rxf1 h6 28. Nh3 Re6 29. fxe5 Bxe5 30. Nf4 Bxf4 31. Qxf4 g5 32. Bxg5 hxg5 33. Qxg5+ Qg7 34. Qh4 Re2 35. Qh3 f4 36. Rf3 Re3 0-1

[Event "November 21 Early 2023"]
[Site "https://www.chess.com"]
[Date "2023.11.21"]
[Round "8"]
[White "Maect19"]
[Black "Osmonbekov, Talaibek"]
[Result "1-0"]
[Board "165"]
[TimeControl "180+1"]
[BlackFideId "2017253"]
[WhiteElo "2325"]
[BlackElo "2135"]
[BlackTeam "USA"]
[WhiteClock "0:00:22"]
[BlackClock "0:00:05"]

1. d4 e6 2. Nf3 f5 3. e3 Nf6 4. b3 b6 5. Bb2 Bb7 6. Bd3 a5 7. Nbd2 a4 8. c4 Bd6 9. O-O O-O 10. Qc2 Na6 11. e4 Nb4 12. Qc3 Nxd3 13. e5 Nxb2 14. Qxb2 Bb4 15. exf6 a3 16. Qc2 Qxf6 17. Ne5 d6 18. Nef3 Qg6 19. Ne1 e5 20. d5 Rae8 21. Ndf3 Bc5 22. Qc3 f4 23. b4 Bd4 24. Nxd4 exd4 25. Qxd4 Re4 26. Qd3 Rfe8 27. Nc2 Ba6 28. Nxa3 Re2 29. Qxg6 hxg6 30. b5 Bc8 31. Rac1 Bf5 32. Nb1 Rxa2 33. Nc3 Rd2 34. Rfd1 Rxd1+ 35. Rxd1 Ra8 36. Ne2 g5 37. Nd4 Bd7 38. g3 Kf7 39. Re1 Ra4 40. Rc1 Ra2 41. Nf3 Kf6 42. h4 g4 43. Ng5 f3 44. Re1 Rc2 45. Nh7+ Kf7 46. Ng5+ Kf6 47. Nh7+ Kf7 48. Ng5+ Kf8 49. Re4 Bf5 50. Rf4 g6 51. Ne6+ Ke7 52. Nd4 Rxc4 53. Nxf5+ gxf5 54. Rxc4 Kf6 55. Rxc7 Ke5 56. Rc6 Kxd5 57. Rxb6 Kc5 58. Rc6+ Kxb5 59. Rxd6 Kc4 60. Rf6 Kd4 61. Rxf5 Kd3 62. Rf4 Ke2 63. h5 Kd3 64. h6 Ke2 65. h7 1-0

[Event "November 21 Early 2023"]
[Site "https://www.chess.com"]
[Date "2023.11.21"]
[Round "8"]
[White "Zivic, Dragan"]
[Black "kingapolak"]
[Result "1-0"]
[Board "166"]
[TimeControl "180+1"]
[WhiteFideId "904740"]
[WhiteElo "2073"]
[BlackElo "2189"]
[WhiteTeam "SRB"]
[WhiteClock "0:00:18"]
[BlackClock "0:00:01"]

1. c4 Nf6 2. Nc3 g6 3. d4 Bg7 4. e4 d6 5. h3 O-O 6. Be3 e5 7. d5 a5 8. g4 Na6 9. Nge2 Nc5 10. Ng3 c6 11. Be2 cxd5 12. cxd5 Bd7 13. h4 b5 14. g5 Ne8 15. Rc1 b4 16. Nb1 Rc8 17. Nd2 f5 18. gxf6 Nxf6 19. h5 gxh5 20. Nxh5 Nxh5 21. Rxh5 Qf6 22. Nc4 Nxe4 23. Nb6 Rxc1 24. Qxc1 Be8 25. Rh1 Bg6 26. Nd7 Qf7 27. Nxf8 Bxf8 28. Qc4 Qf5 29. Bd3 Qg4 30. Rf1 Qf3 31. Be2 Qf5 32. Bd3 Qf3 33. Be2 Qf5 34. Rg1 Nf6 35. Bd3 e4 36. Be2 Nxd5 37. Qb3 Kh8 38. Bc4 Nxe3 39. Qxe3 Bg7 40. Qb6 h6 41. Qd8+ Bf8 42. Rxg6 e3 43. Qf6+ Qxf6 44. Rxf6 exf2+ 45. Kxf2 Bg7 46. Rf5 Bd4+ 47. Kf3 Bxb2 48. Rxa5 Bc3 49. Rd5 Be5 50. Rb5 Bc3 51. Rb6 Be5 52. Rb7 Bc3 53. Kg4 d5 54. Bxd5 b3 55. Bxb3 h5+ 56. Kxh5 Bb4 57. Kg6 Be7 58. Rb8+ Bd8 59. Rxd8# 1-0

[Event "November 21 Early 2023"]
[Site "https://www.chess.com"]
[Date "2023.11.21"]
[Round "8"]
[White "Mangialardo, Tiago Carvalho"]
[Black "Fernandez Siles, Luis"]
[Result "0-1"]
[Board "167"]
[TimeControl "180+1"]
[WhiteFideId "2130718"]
[BlackFideId "2209420"]
[WhiteElo "2155"]
[BlackElo "2195"]
[WhiteTeam "BRA"]
[BlackTeam "ESP"]
[WhiteClock "0:00:01"]
[BlackClock "0:00:58"]

1. e4 c5 2. Nf3 Nc6 3. Bb5 g6 4. Bxc6 dxc6 5. h3 Bg7 6. e5 Nh6 7. O-O O-O 8. d3 Nf5 9. c3 b6 10. Bf4 Ba6 11. g4 Nh6 12. Qc1 Qxd3 13. c4 Qxf3 14. Bxh6 Qxh3 15. Bf4 Qxg4+ 16. Kh2 Bxc4 17. Rg1 Qh5+ 18. Kg3 Bd5 19. Qe3 Rad8 20. Nc3 Be6 21. Rh1 Qg4+ 22. Kh2 Rd4 23. Bg3 Bd5 24. Rhf1 Qh5+ 25. Kg1 Qh1# 0-1

[Event "November 21 Early 2023"]
[Site "https://www.chess.com"]
[Date "2023.11.21"]
[Round "8"]
[White "Hoffmann, Asa"]
[Black "DonCiao"]
[Result "1-0"]
[Board "168"]
[TimeControl "180+1"]
[WhiteFideId "2001470"]
[WhiteElo "2117"]
[BlackElo "2131"]
[WhiteTeam "USA"]
[WhiteClock "0:01:50"]
[BlackClock "0:00:00"]

1. d4 Nf6 2. Bg5 e6 3. Nd2 h6 4. Bh4 g5 5. Bg3 d5 6. e3 Bd6 7. Bd3 Bxg3 8. hxg3 Nbd7 9. Ngf3 g4 10. Ne5 Qe7 11. Nxg4 Nxg4 12. Qxg4 Nf6 13. Qh4 Bd7 14. Nf3 O-O-O 15. Ne5 Rdg8 16. O-O-O Be8 17. f3 Qd8 18. g4 Nd7 19. Qxd8+ Kxd8 20. Rh3 Nxe5 21. dxe5 h5 22. Rxh5 Rxh5 23. gxh5 Rxg2 24. Rh1 Ke7 25. h6 Rg8 26. h7 Rh8 27. e4 d4 28. f4 f6 29. exf6+ Kxf6 30. e5+ Kg7 31. b4 Bc6 32. Rh4 Kf7 33. Kb2 Bd5 34. a4 a6 35. b5 a5 36. f5 1-0

[Event "November 21 Early 2023"]
[Site "https://www.chess.com"]
[Date "2023.11.21"]
[Round "8"]
[White "udithj22"]
[Black "rikchessmx"]
[Result "1-0"]
[Board "169"]
[TimeControl "180+1"]
[WhiteElo "2118"]
[BlackElo "2322"]
[WhiteClock "0:01:22"]
[BlackClock "0:01:47"]

1. d4 d5 2. Bf4 e6 3. e3 Bd6 4. Qg4 Bxf4 5. Qxg7 Qf6 6. Qxf6 Nxf6 7. exf4 Nc6 8. Nf3 Nb4 9. Na3 a6 10. c3 Nc6 11. Bd3 h5 12. h4 Bd7 13. Nb1 O-O-O 14. Nbd2 Ng4 15. g3 f6 16. O-O Rdg8 17. Rfe1 Rg7 18. b4 Rhg8 19. a4 Ne7 20. b5 a5 21. Nh2 Nxf2 22. Kxf2 Rxg3 23. Nhf3 Rg2+ 24. Ke3 e5 25. fxe5 fxe5 26. dxe5 Bf5 27. Rg1 Bxd3 28. Kxd3 Nf5 29. Rxg2 Rxg2 30. Rg1 Rf2 31. Rg5 Ne7 32. Ke3 c5 33. Kxf2 1-0

[Event "November 21 Early 2023"]
[Site "https://www.chess.com"]
[Date "2023.11.21"]
[Round "8"]
[White "Samarth J Rao"]
[Black "Kornyukov, Alexey"]
[Result "1-0"]
[Board "170"]
[TimeControl "180+1"]
[WhiteFideId "46652370"]
[BlackFideId "4150457"]
[WhiteElo "1564"]
[BlackElo "2352"]
[WhiteTeam "IND"]
[BlackTeam "RUS"]
[WhiteClock "0:00:31"]
[BlackClock "0:00:20"]

1. e4 c5 2. Nc3 e6 3. g3 d5 4. exd5 exd5 5. Bg2 Nf6 6. Nge2 Nc6 7. d4 c4 8. Nf4 Bb4 9. O-O Bxc3 10. bxc3 O-O 11. a4 Re8 12. Re1 Bg4 13. Rxe8+ Qxe8 14. Qf1 Rd8 15. Ba3 Bf5 16. Re1 Qd7 17. a5 Bxc2 18. a6 bxa6 19. Bc5 a5 20. Qe2 Bf5 21. Nxd5 Nxd5 22. Bxd5 h6 23. Bxc4 Bg4 24. Qa2 Bf3 25. Re3 Bd5 26. Bxd5 Qxd5 27. Qxd5 Rxd5 28. c4 Rd8 29. d5 Nb4 30. Bxa7 Rc8 31. d6 Nc6 32. d7 Rf8 33. Bc5 Rd8 34. Re8+ Kh7 35. Rxd8 Nxd8 36. Bb6 Nc6 37. Bxa5 Kg6 38. d8=Q Nxd8 39. Bxd8 Kf5 40. Bb6 Ke6 41. c5 Kd7 42. Kg2 Kc6 43. f3 Kd5 44. h3 Kc6 45. g4 Kd5 46. Kg3 Kc6 47. f4 Kd5 48. h4 Kc6 49. g5 Kd5 50. gxh6 Kc6 51. Kg4 Kd5 52. h7 Kc6 53. h8=Q Kd5 54. Qxg7 Kc6 55. Qxf7 1-0

[Event "November 21 Early 2023"]
[Site "https://www.chess.com"]
[Date "2023.11.21"]
[Round "8"]
[White "Odeh, Kenneth"]
[Black "Rian, Kapriaga"]
[Result "0-1"]
[Board "171"]
[TimeControl "180+1"]
[WhiteFideId "8500142"]
[BlackFideId "7103263"]
[WhiteElo "2031"]
[BlackElo "2309"]
[WhiteTeam "NGR"]
[BlackTeam "INA"]
[WhiteClock "0:00:00"]
[BlackClock "0:01:39"]

1. e4 c6 2. d4 d5 3. e5 Bf5 4. Bd3 Bxd3 5. Qxd3 e6 6. Nf3 Qa5+ 7. Bd2 Qa6 8. Qxa6 Nxa6 9. c3 c5 10. a3 cxd4 11. cxd4 Nb8 12. Nc3 Nc6 13. O-O Nge7 14. Nb5 Rc8 15. Nd6+ Kd7 16. Nxc8 Nxc8 17. b4 a6 18. Rac1 Nb6 19. Rc2 Be7 20. Bc1 Nc4 21. Rd1 b5 22. Rd3 h6 23. Kf1 Ra8 24. Nd2 a5 25. Nxc4 bxc4 26. Rg3 axb4 27. axb4 Nxb4 28. Rd2 Ra1 29. Rd1 Bg5 30. Rxg5 hxg5 31. Ke2 f6 32. exf6 gxf6 33. Bd2 Ra2 34. Kf3 Nc6 35. Be3 Ra3 36. Rb1 Nxd4+ 37. Kg4 Nf5 38. Rb7+ Ke8 39. Kh5 Nxe3 40. fxe3 Rxe3 41. Kg6 f5 42. Kf6 g4 43. h3 gxh3 0-1